cohdb
Replays
Latest Replays
All Replays
Popular Replays
Top Player Replays
Match Explorer
How It Works
Community
CoH3 Stats
Reddit
Sign in to upload your games and track your stats! →
Sign in with Steam
Match 44496134
Unlisted
Match 44496134
Overview
Messages
Build Orders
End
Panzergrenadier Squad
Selects Battlefield Espionage Battlegroup
Kradschützen Motorcycle Team
Panzergrenadier Squad
Panzergrenadier Squad
Construct Light Support Kompanie
Selects Intel Disruption Beacon
2.5-tonne Medical Truck
Fire Support Elements
Panzerjäger Mechanized Group
Combat Half-tracks
Pak 38 Anti-tank Gun Team
Selects Transfer Depots
UH|dun! ツ
UH|ck
iceman
Sniper Ste
R_O_N_I_N_93
ЛЕГАТ
0
0
Comments
sign in to comment!
No comments posted yet!